 Dungeon Crawl Stone Soup version 0.21.1-1-g345015f (webtiles) character file.

6444 n0claF the Cleaver (level 10, -23/139 HPs)
             Began as a Minotaur Gladiator on June 22, 2018.
             Was an Elder of Okawaru.
             Killed from afar by an ice dragon (40 damage)
             ... with a blast of cold
             ... on level 9 of the Dungeon.
             The game lasted 00:26:59 (9958 turns).

n0claF the Cleaver (Minotaur Gladiator)             Turns: 9958, Time: 00:27:00

Health: -23/139    AC: 26    Str: 23    XL:     10   Next: 67%
Magic:  9/9        EV:  2    Int:  5    God:    Okawaru [****..]
Gold:   408        SH:  0    Dex: 16    Spells: 9/9 levels left

rFire    . . .     SeeInvis .   a - +0 war axe
rCold    . . .     Gourm    .   (no shield)
rNeg     + + +     Faith    .   (armour currently unavailable)
rPois    +         Spirit   .   (helmet currently unavailable)
rElec    .         Reflect  .   (cloak currently unavailable)
rCorr    .         Harm     .   (gloves currently unavailable)
MR       +....     NoTele   +   (boots currently unavailable)
Stlth    ++++......             (no amulet)
HPRegen  0.33/turn              D - +1 ring of protection
MPRegen  0.11/turn              l - ring of protection from magic

@: agile, tree-form, heroism
A: (retaliatory headbutt)
a: Heroism, Renounce Religion


You were on level 9 of the Dungeon.
You worshipped Okawaru.
Okawaru was greatly pleased with you.
You were not hungry.
You were a tree.
You visited 2 branches of the dungeon, and saw 11 of its levels.

You collected 408 gold pieces.

Inventory:

Hand Weapons
 a - a +0 war axe (weapon)
 x - a +3 quarterstaff of chaos
   (You took it off Crazy Yiuf on level 4 of the Dungeon)
 C - a +2 whip of freezing
   (You took it off Pikel on level 6 of the Dungeon)
Missiles
 u - 3 throwing nets (quivered) {!f}
Armour
 i - a +0 plate armour (melded)
   (You found it on level 1 of the Dungeon)
 k - a +0 cloak (melded)
   (You found it on level 1 of the Dungeon)
 F - a +0 pair of boots (melded)
   (You found it on level 7 of the Dungeon)
 J - a +1 hat (melded)
   (You found it on level 7 of the Dungeon)
Jewellery
 h - an uncursed ring of flight
   (You found it on level 1 of the Dungeon)
 l - a ring of protection from magic (right branch)
   (You found it on level 6 of the Dungeon)
 n - an uncursed ring of ice
   (You found it on level 6 of the Dungeon)
 z - an uncursed ring of see invisible
   (You found it on level 1 of the Dungeon)
 A - an uncursed ring of stealth
   (You found it on level 6 of the Dungeon)
 D - a +1 ring of protection (left branch)
   (You found it on level 6 of the Dungeon)
Wands
 c - a wand of disintegration (7) {!d}
   (You found it on level 9 of the Dungeon)
 d - a wand of iceblast (7)
   (You found it on level 4 of the Dungeon)
 v - a wand of digging (10)
   (You found it on level 6 of the Dungeon)
Scrolls
 g - 9 scrolls of identify {unknown}
 m - 2 scrolls of fear {unknown}
 o - 2 scrolls of fog {unknown}
 p - 7 scrolls of remove curse {@r2}
 t - 3 scrolls of enchant armour {unknown}
 w - 6 scrolls of teleportation {unknown}
 y - a scroll of amnesia {unknown}
Potions
 b - 6 potions of haste {unknown}
 f - a potion of lignification {!q}
 j - a potion of brilliance {unknown}
 q - a potion of agility
 r - a potion of flight {unknown}
 s - a potion of might {unknown}
 E - a potion of mutation {unknown}
 I - a potion of magic
Books
 B - a Necronomicon
   (You found it on level 4 of the Dungeon)
 H - a book of Cantrips
   (You found it on level 7 of the Dungeon)
Comestibles
 e - 13 rations {!d}


   Skills:
 + Level 10.0(15.0) Fighting
 + Level 10.3(15.3) Axes
 - Level 2.0(7.0) Throwing
 + Level 9.7(14.7) Armour
 + Level 9.6(14.6) Dodging


You had 9 spell levels left.
You didn't know any spells.

Dungeon Overview and Level Annotations

Branches:
Dungeon (10/15)            Temple (1/1) D:5            Lair (0/6) D:9
    Orc (0/2) D:9

Altars:
Ashenzari
Cheibriados
Dithmenos
Elyvilon
Fedhas
Gozag
Hepliaklqana
Kikubaaqudgha
Makhleb
Nemelex Xobeh
Okawaru
Qazlal
Ru
Sif Muna
Trog
Uskayaw
Vehumet
Xom
Yredelemnul
Zin
The Shining One

Shops:
D:6 :

Annotations:
D:7 exclusion: 4 electric eels
D:10 Erolcha


Innate Abilities, Weirdness & Mutations

((You reflexively headbutt those who attack you in melee.))
((You have a pair of horns on your head.))


Message History

Your Fighting skill increases to level 10!
You closely miss the ice dragon. The ice dragon breathes frost at you.
The blast of cold misses you. The ice encasing you melts away.
The ice dragon bites you but does no damage.
The ice dragon closely misses you.
The ice dragon tramples you but does no damage.
You climb upwards.
You feel sick.
There is a stone staircase leading down here.
You hit the ice dragon. You headbutt the ice dragon! The ice dragon bites you.
The ice dragon claws you but does no damage.
The ice dragon tramples you but does no damage.
You slash the ice dragon! The ice dragon breathes frost at you.
The blast of cold hits you!
* * * LOW HITPOINT WARNING * * *
You gain the combat prowess of a mighty hero.
The ice dragon bites you but does no damage.
The ice dragon misses you. The ice dragon closely misses you.
You hit the ice dragon.
You headbutt the ice dragon, but do no damage.
The ice dragon bites you.
* * * LOW HITPOINT WARNING * * *
The ice dragon claws you but does no damage.
The ice dragon closely misses you.
You hit the ice dragon but do no damage.
You headbutt the ice dragon!
You feel sick.
You are no longer poisoned.
The ice dragon bites you!
* * * LOW HITPOINT WARNING * * *
The ice dragon claws you but does no damage.
The ice dragon tramples you but does no damage.
It was a potion of magic.
Magic courses through your body.
The ice dragon bites you but does no damage.
The ice dragon claws you but does no damage.
The ice dragon tramples you but does no damage.
It was a potion of lignification.
You turn into a tree.
Your +0 cloak melds into your body.
Your +1 hat melds into your body.
Your +0 pair of boots melds into your body.
Your +0 plate armour melds into your body.
Your roots penetrate the ground.
The ice dragon bites you but does no damage.
The ice dragon claws you but does no damage.
The ice dragon tramples you but does no damage.
It was a potion of agility.
You feel agile all of a sudden. The ice dragon breathes frost at you.
The blast of cold hits you!
You die...

#######.### #...
#.# #.## ###.# #.#
#...# #.# ##.###
####'## #..#
###......
###'######.'......
#........#.#......
#♣D......'.#......
#........###......
#........# #......
########## #######


You could see an ice dragon.

Vanquished Creatures
  The ghost of Exporg the Grappler, a novice TrFi (D:8)
  Pikel (D:6)
  A komodo dragon (D:9)
  A rime drake (D:10)
  Grinder (D:4)
  Eustachio (D:5)
  2 vampire mosquitoes (D:8)
  Menkaure (D:4)
  2 orc warriors (D:9)
  A black bear (D:4)
  4 ice beasts
  6 ogres
  2 sky beasts (D:7)
  3 phantoms
  2 centaurs
  7 bullfrogs
  A gnoll sergeant (D:7)
  A big kobold (D:9)
  5 scorpions
  A water moccasin skeleton (D:7)
  The ghost of tidbits the Charmwright, a weakling GnSk of Cheibriados (D:3)
  4 howler monkeys
  2 crimson imps
  3 orc priests
  3 jellies
  Crazy Yiuf (D:4)
  4 hounds
  A bullfrog skeleton (D:8)
  A centaur skeleton (D:8)
  2 iguanas
  An orc wizard (D:6)
  13 worker ants
  A hound zombie (D:9)
  2 hound skeletons
  A howler monkey zombie (D:5)
  3 worker ant zombies
  A howler monkey skeleton (D:6)
  8 adders
  12 gnolls
  2 shadow imps
  2 oozes
  An adder zombie (D:7)
  An adder skeleton (D:5)
  3 worms
  2 dart slugs
  5 leopard geckos
  32 orcs
  2 ball pythons
  7 bats
  4 giant cockroaches
  11 goblins
  7 hobgoblins
  2 jackals (D:5)
  10 kobolds
  5 quokkas
  8 frilled lizards
  A leopard gecko skeleton (D:4)
  A quokka skeleton (D:6)
  4 rats
218 creatures vanquished.

Vanquished Creatures (others)
  A slave (D:6)
  An ogre (D:6)
  A bullfrog (D:6)
  A worker ant (D:4)
  An adder (D:4)
  2 leopard geckos (D:4)
  8 plants (D:9)
15 creatures vanquished.

Grand Total: 233 creatures vanquished

Notes
Turn   | Place    | Note
-------+----------+-------------------------------------------
     0 | D:1      | n0claF the Minotaur Gladiator began the quest for the Orb.
     0 | D:1      | Reached XP level 1. HP: 18/18 MP: 0/0
   309 | D:1      | Reached XP level 2. HP: 25/25 MP: 1/1
   453 | D:1      | Reached skill level 1 in Armour
   663 | D:2      | Found a deep blue altar of Sif Muna.
   786 | D:2      | Reached XP level 3. HP: 20/31 MP: 2/2
  1343 | D:3      | Reached XP level 4. HP: 38/38 MP: 3/3
  1483 | D:3      | Noticed tidbits's ghost (weakling GnSk)
  1514 | D:3      | Killed tidbits's ghost
  1859 | D:3      | Reached XP level 5. HP: 36/46 MP: 4/4
  2301 | D:4      | Noticed an ogre
  2302 | D:4      | Found an opulent altar of Gozag.
  2306 | D:4      | Killed an ogre
  2306 | D:4      | Reached skill level 5 in Axes
  2306 | D:4      | Reached XP level 6. HP: 47/52 MP: 5/5
  2394 | D:4      | Noticed Grinder
  2408 | D:4      | Killed Grinder
  2408 | D:4      | Reached skill level 5 in Dodging
  2587 | D:4      | Reached XP level 7. HP: 8/60 MP: 6/6
  2869 | D:4      | Found a shimmering altar of Xom.
  2877 | D:4      | Reached skill level 5 in Fighting
  3128 | D:4      | Noticed Menkaure
  3133 | D:4      | Killed Menkaure
  3133 | D:4      | Reached skill level 5 in Armour
  3285 | D:4      | Found a runed door.
  3455 | D:4      | Noticed Crazy Yiuf
  3460 | D:4      | Killed Crazy Yiuf
  3486 | D:5      | Entered Level 5 of the Dungeon
  3746 | D:5      | Reached XP level 8. HP: 69/70 MP: 7/7
  3893 | D:5      | Found a staircase to the Ecumenical Temple.
  4058 | Temple   | Entered the Ecumenical Temple
  4276 | Temple   | Became a worshipper of Warmaster Okawaru
  4330 | D:5      | Noticed Eustachio
  4378 | D:5      | Killed Eustachio
  4780 | D:5      | Reached * piety under Okawaru
  4907 | D:6      | Found Qoom's Book Boutique.
  4931 | D:6      | Found a glowing golden altar of the Shining One.
  4931 | D:6      | Found an ancient bone altar of Kikubaaqudgha.
  5095 | D:6      | Noticed Pikel
  5111 | D:6      | Killed Pikel
  5111 | D:6      | Reached XP level 9. HP: 59/80 MP: 8/8
  5211 | D:6      | Found a stormy altar of Qazlal.
  5213 | D:6      | Found a blossoming altar of Fedhas.
  5214 | D:6      | Found a shadowy altar of Dithmenos.
  5229 | D:6      | Reached ** piety under Okawaru
  5567 | D:6      | Found a shadowy altar of Dithmenos.
  5672 | D:6      | Found a radiant altar of Vehumet.
  5896 | D:7      | Found a shimmering altar of Xom.
  6985 | D:7      | Found a basalt altar of Yredelemnul.
  7141 | D:7      | Reached *** piety under Okawaru
  7405 | D:8      | Noticed Exporg's ghost (novice TrFi)
  7967 | D:8      | Reached XP level 10. HP: 90/91 MP: 9/9
  8219 | D:8      | Killed Exporg's ghost
  8772 | D:8      | Found a bloodstained altar of Trog.
  8933 | D:9      | Found a staircase to the Orcish Mines.
  9002 | D:9      | Reached **** piety under Okawaru
  9002 | D:9      | Reached skill level 10 in Axes
  9060 | D:9      | Found a snail-covered altar of Cheibriados.
  9308 | D:9      | Found a staircase to the Lair.
  9926 | D:10     | Entered Level 10 of the Dungeon
  9927 | D:10     | Noticed Erolcha
  9930 | D:10     | Noticed an ice dragon
  9948 | D:10     | Reached skill level 10 in Fighting
  9958 | D:9      | Killed from afar by an ice dragon

Skill      XL: |  1  2  3  4  5  6  7  8  9 10 |
---------------+-------------------------------+-----
Armour         | 1 2 3 4 5 7 8 9 |  9.7
Axes           | 4 5 6 8 9 10 | 10.3
Fighting       | 3 4 6 7 9 10 | 10.0
Dodging        | 4 5 6 7 8 9 |  9.6
Throwing       | |  2.0

Action                   |  1- 3 |  4- 6 |  7- 9 | 10-12 || total
-------------------------+-------+-------+-------+-------++-------
Melee: War axe           |   115 |   126 |   423 |   157 ||   821
       Headbutt          |    10 |    14 |    78 |    31 ||   133
Invok: Heroism           |       |       |       |     3 ||     3
  Use: Potion            |       |       |       |     3 ||     3
       Scroll            |       |       |       |     1 ||     1
  Eat: Chunk             |     2 |     3 |    18 |     5 ||    28
       Ration            |       |       |       |     1 ||     1
Armor: Plate armour      |   106 |    70 |   255 |    87 ||   518
       Leather armour    |     1 |       |       |       ||     1
       Skin              |       |       |       |     3 ||     3
Dodge: Dodged            |    56 |    51 |   210 |    87 ||   404
